Wolfes vs River Frogs
Created - October 31, 2020 at 19:08
Goals
|
| Wolfes |
1 |
2 |
0 |
3 |
| River Frogs |
3 |
3 |
2 |
8 |
|
Shots
|
| Wolfes |
12 |
15 |
11 |
38 |
| River Frogs |
15 |
10 |
9 |
34 |
|
1st period
1. River Frogs , Nikita Zadorov 2 (Dominik Simon 9, Emerson Etem 3) at 9:32 (PP)
2. River Frogs , Timothy Kunes 1 (Andrew Gordon 5, Emerson Etem 4) at 14:02 (PP)
3. River Frogs , Jared Knight 1 (Matt Calvert 4, Ondrej Kase 1) at 15:03 (PP)
4. Wolfes , Jamie Oleksiak 2 (Sebastian Aho 4, Blake Pietila 5) at 16:37 (PP)
Penalties :
Benn Ferriero (RIM) for High sticking (Minor) at 9:15, Blake Pietila (RIM) for Hooking (Minor) at 10:10, Alexandre Grenier (RIM) for Slashing (Minor) at 13:55, Jamie Oleksiak (RIM) for Interference (Minor) at 14:48, Shea Theodore (Lou) for Roughing (Minor) at 16:20
2nd period
5. Wolfes , Damon Severson 2 (Max Friberg 1, Jamie Oleksiak 4) at 1:27 (PP)
6. Wolfes , Alexandre Grenier 2 (Blake Pietila 6) at 6:50
7. River Frogs , Matt Calvert 6 (Jared Knight 1) at 14:18
8. River Frogs , Dominik Simon 5 (Emerson Etem 5, Andrew Gordon 6) at 16:43 (PP)
9. River Frogs , Dominik Simon 6 (Emerson Etem 6) at 17:09 (PP)
Penalties :
Jared Knight (Lou) for Interference (Minor) at 1:10, Anton Karlsson (RIM) for Tripping (Minor) at 2:05, Jeffrey Foss (RIM) for Hooking (Minor) at 8:42, Sebastian Aho (RIM) for Holding Stick (Minor) at 15:50, Lawson Crouse (RIM) for Roughing (Minor) at 17:05
3rd period
10. River Frogs , Maxim Mamin 1 (Mitch Marner 5) at 2:34
11. River Frogs , Justin Florek 3 (Ryan Fitzgerald 2) at 16:45
Penalties :
Jared Knight (Lou) for Holding (Minor) at 11:47, Martin Hanzal (RIM) for Interference (Minor) at 14:37
Goalie Stats
Laurent Brossoit (RIM), 18 saves from 23 shots - (0.783), L, 2-3-0, 36:43 minutes
Ebbe Siönäs (RIM), 8 saves from 11 shots - (0.727), 23:17 minutes
Thomas Greiss (Lou), 35 saves from 38 shots - (0.921), W, 3-4-0, 60:00 minutes
Players Stats for Wolfes
Player Name G A P +/- PIM S H SB GA TA FO MP PP MP PK MP
------------------------------------------------------------------------------------
Alexandre Grenier 1 0 1 1 2 2 1 0 0 0 3/4 20:44 0:17 5:34
Anton Karlsson 0 0 0 -2 2 2 1 0 0 0 0/0 12:28 0:00 0:00
Anton Lindholm 0 0 0 -2 0 1 0 1 0 1 0/0 14:20 0:00 0:00
Benn Ferriero 0 0 0 0 2 2 2 0 0 0 0/1 12:13 0:00 0:00
Blake Pietila 0 2 2 1 2 2 3 2 0 0 0/3 19:37 1:35 2:59
Damon Severson 1 0 1 -2 0 6 2 1 0 2 0/0 19:19 1:40 3:53
Eric Robinson 0 0 0 -1 0 0 1 0 0 0 0/0 7:59 0:00 0:19
Jamie Oleksiak 1 1 2 0 2 2 1 1 1 2 0/0 24:12 1:40 5:39
Jeffrey Foss 0 0 0 0 2 0 0 1 1 0 0/0 18:35 0:53 0:00
Joe Morrow 0 0 0 0 0 1 3 0 1 0 0/0 21:27 0:53 3:53
Kyle Rau 0 0 0 -2 0 4 1 2 0 2 5/8 15:35 0:00 2:56
Lawson Crouse 0 0 0 0 2 2 1 1 0 0 4/11 19:10 0:58 5:24
Martin Hanzal 0 0 0 1 2 5 3 0 1 0 15/20 15:51 0:58 0:00
Matthew Highmore 0 0 0 -1 0 1 1 0 0 0 3/3 7:53 0:00 0:03
Max Friberg 0 1 1 -2 0 1 2 0 1 0 0/1 13:45 1:18 0:00
Michael Stone 0 0 0 0 0 4 1 3 0 0 0/0 22:33 0:00 5:39
Sebastian Aho 0 1 1 0 2 3 0 0 1 0 6/16 16:00 1:35 1:49
Victor Olofsson 0 0 0 -1 0 0 0 0 1 0 1/1 8:38 0:58 0:00
Players Stats for River Frogs
Player Name G A P +/- PIM S H SB GA TA FO MP PP MP PK MP
------------------------------------------------------------------------------------
Aaron Ness 0 0 0 1 0 1 0 0 0 1 0/0 10:00 0:00 0:00
Andrew Gordon 0 2 2 0 0 0 1 1 0 0 2/4 23:16 5:28 1:34
Austin Watson 0 0 0 1 0 1 1 0 0 1 0/0 8:27 0:00 0:00
Beau Starrett 0 0 0 0 0 0 0 0 0 0 0/0 0:00 0:00 0:00
Bobby Farnham 0 0 0 1 0 1 1 0 0 0 0/1 10:35 0:00 0:00
Cameron Hughes 0 0 0 0 0 0 0 0 0 0 0/0 0:00 0:00 0:00
David Kolomatis 0 0 0 1 0 0 0 0 0 0 0/0 10:00 0:00 0:00
Dillon Heatherington 0 0 0 0 0 0 0 0 0 0 0/0 5:13 0:00 0:00
Dominik Simon 2 1 3 0 0 4 1 2 1 0 15/31 22:05 5:14 0:24
Emerson Etem 0 4 4 0 0 5 0 1 2 0 1/2 23:16 5:28 1:34
Francis Perron 0 0 0 0 0 0 0 0 0 0 0/0 0:35 0:00 0:35
Jared Knight 1 1 2 0 4 2 0 0 0 0 9/15 16:41 4:04 0:00
Joakim Nordstrom 0 0 0 0 0 0 1 0 0 0 0/0 3:01 0:39 0:30
Justin Florek 1 0 1 1 0 4 4 0 2 0 0/0 11:17 0:00 0:29
Matt Calvert 1 1 2 0 0 1 0 0 0 0 0/1 13:44 3:10 0:00
Matt Grzelcyk 0 0 0 0 0 0 0 0 0 1 0/0 5:13 0:00 0:00
Maxim Mamin 1 0 1 1 0 2 1 0 0 0 0/3 8:27 0:00 0:00
Mitch Marner 0 1 1 1 0 1 1 0 0 0 0/0 8:27 0:00 0:00
Morgan Rielly 0 0 0 0 0 0 1 0 1 1 0/0 18:58 4:03 0:54
Nikita Zadorov 1 0 1 1 0 3 2 1 0 2 0/0 25:49 5:29 1:39
Ondrej Kase 0 1 1 0 0 2 0 0 0 0 0/1 16:30 4:04 0:00
Richard Nejezchleb 0 0 0 0 0 0 0 0 0 0 0/0 0:29 0:29 0:00
Ryan Fitzgerald 0 1 1 1 0 1 0 1 0 0 4/10 10:35 0:00 0:00
Shea Theodore 0 0 0 0 2 3 2 2 1 1 0/0 18:57 4:03 0:54
Timothy Kunes 1 0 1 1 0 3 1 3 0 0 0/0 25:49 5:29 1:39
3 Stars
1 - Dominik Simon (Lou)
2 - Emerson Etem (Lou)
3 - Justin Florek (Lou)
Power Play
Wolfes - 2 on 3 Attempt(s) - 66.67%
River Frogs - 5 on 9 Attempt(s) - 55.56%
Penalty Kill
Wolfes - 4 on 9 Attempt(s) - 44.44%
- Score 0 goal in Penalty Kill
River Frogs - 1 on 3 Attempt(s) - 33.33%
- Score 0 goal in Penalty Kill
Team Stat
Wolfes - Hits : 23 - Faceoff Wins : 37 - Blocked Shots : 12 - Penalty Minutes : 18
River Frogs - Hits : 17 - Faceoff Wins : 31 - Blocked Shots : 11 - Penalty Minutes : 6
Official
Referees : Unknown
Linesman : Unknown
Game Notes
Ebbe Siönäs enters game at 16:43 of 2nd period
Matt Calvert is injured at 9:58 of 3rd period (Sprained Left Knee)
Finance
Level 1 -- Attendance: 1433 (71.65%) -- Ticket Income $57,320
Level 2 -- Attendance: 644 (64.40%) -- Ticket Income $12,880
Total Attendance: 2077 (69.23%)
Total Ticket Income: $70,200
Other Income: $3,510
Total Income: $73,710
Wolfes
5 vs 5 Forward
Center Left Wing Right Wing Time % Phy DF OF
1 Martin Hanzal Blake Pietila Alexandre Grenier 35 1 2 2
2 Sebastian Aho Lawson Crouse Benn Ferriero 30 1 2 2
3 Kyle Rau Anton Karlsson Max Friberg 25 1 2 2
4 Matthew Highmore Eric Robinson Victor Olofsson 10 1 2 2
5 vs 5 Defense
Defense Defense Time % Phy DF OF
1 Jamie Oleksiak Michael Stone 36 1 2 2
2 Jeffrey Foss Joe Morrow 34 1 2 2
3 Anton Lindholm Damon Severson 30 1 2 2
4 Jamie Oleksiak Michael Stone 0 1 2 2
PowerPlay Forward
Center Left Wing Right Wing Time % Phy DF OF
1 Sebastian Aho Blake Pietila Max Friberg 60 1 2 2
2 Martin Hanzal Lawson Crouse Victor Olofsson 40 1 2 2
PowerPlay Defense
Defense Defense Time % Phy DF OF
1 Jamie Oleksiak Damon Severson 60 1 2 2
2 Jeffrey Foss Joe Morrow 40 1 2 2
Penalty Kill 4 Players Forward
Center Wing Time % Phy DF OF
1 Lawson Crouse Alexandre Grenier 60 1 2 2
2 Blake Pietila Kyle Rau 40 1 2 2
Penalty Kill 4 Players Defense
Defense Defense Time % Phy DF OF
1 Jamie Oleksiak Michael Stone 60 1 2 2
2 Damon Severson Joe Morrow 40 1 2 2
Penalty Kill - 3 Players Forward
Forward Time % Phy DF OF
1 Martin Hanzal 60 1 2 2
2 Alexandre Grenier 40 1 2 2
Penalty Kill - 3 Players Defense
Defense Defense Time % Phy DF OF
1 Jamie Oleksiak Michael Stone 60 1 2 2
2 Jeffrey Foss Joe Morrow 40 1 2 2
4 vs 4 Forward
Center Wing Time % Phy DF OF
1 Martin Hanzal Alexandre Grenier 60 1 2 2
2 Blake Pietila Kyle Rau 40 1 2 2
4 vs 4 Defense
Defense Defense Time % Phy DF OF
1 Jamie Oleksiak Michael Stone 60 1 2 2
2 Jeffrey Foss Joe Morrow 40 1 2 2
Last Minutes Offensive
Center Left Wing Right Wing Defense Defense
Sebastian Aho Blake Pietila Alexandre Grenier Jamie Oleksiak Damon Severson
Last Minutes Defensive
Center Left Wing Right Wing Defense Defense
Martin Hanzal Blake Pietila Alexandre Grenier Joe Morrow Michael Stone
Goaltenders
Starting : Laurent Brossoit
Backup : Ebbe Siönäs
Extra Forwards
Normal : Sebastian Aho, Victor Olofsson, Lawson Crouse - PP : Sebastian Aho, Victor Olofsson - PK : Lawson Crouse
Extra Defensemen
Normal : Anton Lindholm, Damon Severson, Jeffrey Foss - PP : Anton Lindholm - PK : Damon Severson, Jeffrey Foss
Penalty Shots
Sebastian Aho, Lawson Crouse, Blake Pietila, Kyle Rau, Benn Ferriero
Scratches
Jakub Zboril (Healthy), Kevin Stenlund (Healthy), Zachary Senyshyn (Healthy), Thomas Spelling (Healthy), Louis Belpedio (Healthy)
Cameron Darcy (Healthy), Fredrik Olofsson (Healthy), Nolan Vesey (Healthy), Vaclav Karabacek (Healthy), Kyle Pettit (Healthy)
Dylan Sadowy (Healthy)
River Frogs
5 vs 5 Forward
Center Left Wing Right Wing Time % Phy DF OF
1 Dominik Simon Emerson Etem Andrew Gordon 40 1 2 2
2 Jared Knight Matt Calvert Ondrej Kase 30 1 2 2
3 Ryan Fitzgerald Justin Florek Bobby Farnham 20 1 2 2
4 Maxim Mamin Austin Watson Mitch Marner 10 1 2 2
5 vs 5 Defense
Defense Defense Time % Phy DF OF
1 Nikita Zadorov Timothy Kunes 40 1 2 2
2 Morgan Rielly Shea Theodore 30 1 2 2
3 Aaron Ness David Kolomatis 20 1 2 2
4 Dillon Heatherington Matt Grzelcyk 10 1 2 2
PowerPlay Forward
Center Left Wing Right Wing Time % Phy DF OF
1 Dominik Simon Emerson Etem Andrew Gordon 60 1 2 2
2 Jared Knight Matt Calvert Ondrej Kase 40 1 2 2
PowerPlay Defense
Defense Defense Time % Phy DF OF
1 Nikita Zadorov Timothy Kunes 60 1 2 2
2 Morgan Rielly Shea Theodore 40 1 2 2
Penalty Kill 4 Players Forward
Center Wing Time % Phy DF OF
1 Emerson Etem Andrew Gordon 60 1 2 2
2 Matt Calvert Justin Florek 40 1 2 2
Penalty Kill 4 Players Defense
Defense Defense Time % Phy DF OF
1 Nikita Zadorov Timothy Kunes 60 1 2 2
2 Morgan Rielly Shea Theodore 40 1 2 2
Penalty Kill - 3 Players Forward
Forward Time % Phy DF OF
1 Emerson Etem 60 1 2 2
2 Andrew Gordon 40 1 2 2
Penalty Kill - 3 Players Defense
Defense Defense Time % Phy DF OF
1 Nikita Zadorov Timothy Kunes 60 1 2 2
2 Morgan Rielly Shea Theodore 40 1 2 2
4 vs 4 Forward
Center Wing Time % Phy DF OF
1 Emerson Etem Andrew Gordon 60 1 2 2
2 Matt Calvert Justin Florek 40 1 2 2
4 vs 4 Defense
Defense Defense Time % Phy DF OF
1 Nikita Zadorov Timothy Kunes 60 1 2 2
2 Morgan Rielly Shea Theodore 40 1 2 2
Last Minutes Offensive
Center Left Wing Right Wing Defense Defense
Dominik Simon Emerson Etem Andrew Gordon Nikita Zadorov Timothy Kunes
Last Minutes Defensive
Center Left Wing Right Wing Defense Defense
Dominik Simon Emerson Etem Andrew Gordon Nikita Zadorov Timothy Kunes
Goaltenders
Starting : Thomas Greiss
Backup : Tyler Beskorowany
Extra Forwards
Normal : Joakim Nordstrom, Richard Nejezchleb, Francis Perron - PP : Joakim Nordstrom, Richard Nejezchleb - PK : Francis Perron
Extra Defensemen
Normal : Aaron Ness, David Kolomatis, Dillon Heatherington - PP : Aaron Ness - PK : David Kolomatis, Dillon Heatherington
Penalty Shots
Emerson Etem, Andrew Gordon, Matt Calvert, Justin Florek, Ondrej Kase
Scratches
Christian Hanson (Groin Injury), Phoenix Copley (Healthy)
% Time on Ice - Wolfes
Lines # - Real PCT - Wanted PCT - Time Play
Normal Forward
1 - 32% - 35% - 15:22
2 - 26% - 30% - 12:28
3 - 26% - 25% - 12:27
4 - 16% - 10% - 7:38
Normal Defense
1 - 35% - 36% - 16:54
2 - 35% - 34% - 16:41
3 - 30% - 30% - 14:20
4 - 0% - 0% - 0:00
PP Forward
1 - 62% - 60% - 1:35
2 - 38% - 40% - 0:58
PP Defense
1 - 65% - 60% - 1:40
2 - 35% - 40% - 0:53
PK Forward
1 - 69% - 60% - 6:36
2 - 31% - 40% - 2:56
PK Defense
1 - 59% - 60% - 5:39
2 - 41% - 40% - 3:53
PK3 Forward
1 - 0% - 60%
2 - 0% - 40%
PK3 Defense
1 - 0% - 60%
2 - 0% - 40%
44 Forward
1 - 0% - 60%
2 - 0% - 40%
44 Defense
1 - 0% - 60%
2 - 0% - 40%
Last Minute Offensive - 0:00
Last Minute Defensive - 0:00
Total
Forward - 60:00
Defense - 60:00
|
% Time on Ice - River Frogs
Lines # - Real PCT - Wanted PCT - Time Play
Normal Forward
1 - 34% - 40% - 16:14
2 - 26% - 30% - 12:39
3 - 22% - 20% - 10:35
4 - 18% - 10% - 8:27
Normal Defense
1 - 39% - 40% - 18:41
2 - 29% - 30% - 14:01
3 - 21% - 20% - 10:00
4 - 11% - 10% - 5:13
PP Forward
1 - 55% - 60% - 5:14
2 - 45% - 40% - 4:18
PP Defense
1 - 58% - 60% - 5:29
2 - 42% - 40% - 4:03
PK Forward
1 - 81% - 60% - 2:04
2 - 19% - 40% - 0:29
PK Defense
1 - 65% - 60% - 1:39
2 - 35% - 40% - 0:54
PK3 Forward
1 - 0% - 60%
2 - 0% - 40%
PK3 Defense
1 - 0% - 60%
2 - 0% - 40%
44 Forward
1 - 0% - 60%
2 - 0% - 40%
44 Defense
1 - 0% - 60%
2 - 0% - 40%
Last Minute Offensive - 0:00
Last Minute Defensive - 0:00
Total
Forward - 60:00
Defense - 60:00
|
Play-by-Play
1st period
0:01 of 1st period - Martin Hanzal wins face-off versus Dominik Simon in neutral zone.
0:35 of 1st period - Snap shot by Matt Calvert.
0:35 of 1st period - Deflect By Jared Knight.
0:35 of 1st period - Shot Misses the Net.
0:35 of 1st period - Puck is out of play.
0:36 of 1st period - Kyle Rau wins face-off versus Ryan Fitzgerald in Wolfes zone.
1:02 of 1st period - Shea Theodore is hit by Matthew Highmore and loses puck.
1:50 of 1st period - Slapshot by Damon Severson.
1:50 of 1st period - Shot Misses the Net.
2:09 of 1st period - Snap shot by Blake Pietila.
2:09 of 1st period - Stopped by Thomas Greiss without a rebound.
2:10 of 1st period - Sebastian Aho wins face-off versus Jared Knight in River Frogs zone.
2:24 of 1st period - Snap shot by Michael Stone.
2:24 of 1st period - Shot Blocked by Timothy Kunes.
2:26 of 1st period - Snap shot by Sebastian Aho.
2:26 of 1st period - Stopped by Thomas Greiss with a rebound.
2:51 of 1st period - Icing by Emerson Etem.
2:52 of 1st period - Dominik Simon wins face-off versus Kyle Rau in River Frogs zone.
3:14 of 1st period - Icing by Nikita Zadorov.
3:15 of 1st period - Dominik Simon wins face-off versus Benn Ferriero in River Frogs zone.
3:20 of 1st period - Slapshot by Sebastian Aho.
3:20 of 1st period - Shot Misses the Net.
3:22 of 1st period - Slapshot by Anton Lindholm.
3:22 of 1st period - Stopped by Thomas Greiss with a rebound.
3:24 of 1st period - Slapshot by Damon Severson.
3:24 of 1st period - Stopped by Thomas Greiss without a rebound.
3:25 of 1st period - Martin Hanzal wins face-off versus Ryan Fitzgerald in River Frogs zone.
3:30 of 1st period - Slapshot by Martin Hanzal.
3:30 of 1st period - Stopped by Thomas Greiss with a rebound.
3:36 of 1st period - Snap shot by Martin Hanzal.
3:36 of 1st period - Shot Misses the Net.
4:58 of 1st period - David Kolomatis is hit by Michael Stone.
5:27 of 1st period - Snap shot by Ondrej Kase.
5:27 of 1st period - Shot Blocked by Jamie Oleksiak.
5:41 of 1st period - Wrist shot by Emerson Etem.
5:41 of 1st period - Shot Misses the Net.
6:06 of 1st period - Slapshot by Damon Severson.
6:06 of 1st period - Shot Misses the Net.
6:22 of 1st period - Slapshot by Timothy Kunes.
6:22 of 1st period - Shot Misses the Net.
6:24 of 1st period - Slapshot by Justin Florek.
6:24 of 1st period - Stopped by Laurent Brossoit with a rebound.
7:21 of 1st period - Off-side.
7:22 of 1st period - Kyle Rau wins face-off versus Maxim Mamin in neutral zone.
7:58 of 1st period - David Kolomatis is hit by Blake Pietila and loses puck.
8:17 of 1st period - Wrist shot by Lawson Crouse.
8:17 of 1st period - Stopped by Thomas Greiss with a rebound.
8:19 of 1st period - Snap shot by Benn Ferriero.
8:19 of 1st period - Shot Misses the Net.
8:21 of 1st period - Slapshot by Jamie Oleksiak.
8:21 of 1st period - Stopped by Thomas Greiss without a rebound.
8:22 of 1st period - Kyle Rau wins face-off versus Bobby Farnham in River Frogs zone.
8:45 of 1st period - Icing by Morgan Rielly.
8:46 of 1st period - Ryan Fitzgerald wins face-off versus Martin Hanzal in River Frogs zone.
8:46 of 1st period - Ryan Fitzgerald is hit by Martin Hanzal.
8:52 of 1st period - Slapshot by Blake Pietila.
8:52 of 1st period - Shot Misses the Net.
8:54 of 1st period - Slapshot by Anton Lindholm.
8:54 of 1st period - Shot Misses the Net.
8:56 of 1st period - Slapshot by Alexandre Grenier.
8:56 of 1st period - Shot Misses the Net.
8:58 of 1st period - Snap shot by Anton Lindholm.
8:58 of 1st period - Shot Blocked by Emerson Etem.
9:00 of 1st period - Snap shot by Alexandre Grenier.
9:00 of 1st period - Shot Misses the Net.
9:02 of 1st period - Slapshot by Damon Severson.
9:02 of 1st period - Shot Hit the Post.
9:15 of 1st period - Minor Penalty to Benn Ferriero for High sticking.
9:16 of 1st period - Dominik Simon wins face-off versus Lawson Crouse in Wolfes zone.
9:18 of 1st period - Wrist shot by Emerson Etem.
9:18 of 1st period - Shot Misses the Net.
9:20 of 1st period - Snap shot by Nikita Zadorov.
9:20 of 1st period - Stopped by Laurent Brossoit with a rebound.
9:22 of 1st period - Slapshot by Emerson Etem.
9:22 of 1st period - Shot Misses the Net.
9:24 of 1st period - Slapshot by Dominik Simon.
9:24 of 1st period - Shot Misses the Net.
9:26 of 1st period - Snap shot by Nikita Zadorov.
9:26 of 1st period - Shot Misses the Net.
9:28 of 1st period - Slapshot by Nikita Zadorov.
9:28 of 1st period - Shot Blocked by Michael Stone.
9:30 of 1st period - Snap shot by Nikita Zadorov.
9:30 of 1st period - Shot Blocked by Michael Stone.
9:32 of 1st period - Slapshot by Nikita Zadorov.
9:32 of 1st period - Goal by Nikita Zadorov - Wolfes : 0 - River Frogs : 1.
9:33 of 1st period - Dominik Simon wins face-off versus Sebastian Aho in neutral zone.
9:44 of 1st period - Wrist shot by Dominik Simon.
9:44 of 1st period - Stopped by Laurent Brossoit without a rebound.
9:45 of 1st period - Dominik Simon wins face-off versus Alexandre Grenier in Wolfes zone.
9:48 of 1st period - Slapshot by Emerson Etem.
9:48 of 1st period - Stopped by Laurent Brossoit without a rebound.
9:49 of 1st period - Martin Hanzal wins face-off versus Dominik Simon in Wolfes zone.
10:00 of 1st period - Wrist shot by Emerson Etem.
10:00 of 1st period - Stopped by Laurent Brossoit with a rebound.
10:02 of 1st period - Backhand shot by Nikita Zadorov.
10:02 of 1st period - Shot Blocked by Blake Pietila.
10:04 of 1st period - Slapshot by Timothy Kunes.
10:04 of 1st period - Stopped by Laurent Brossoit with a rebound.
10:10 of 1st period - Minor Penalty to Blake Pietila for Hooking.
10:11 of 1st period - Alexandre Grenier wins face-off versus Dominik Simon in Wolfes zone.
10:18 of 1st period - Wrist shot by Emerson Etem.
10:18 of 1st period - Deflect By Dominik Simon.
10:18 of 1st period - Shot Blocked by Lawson Crouse.
10:18 of 1st period - Puck is out of play.
10:19 of 1st period - Dominik Simon wins face-off versus Lawson Crouse in Wolfes zone.
10:24 of 1st period - Wrist shot by Dominik Simon.
10:24 of 1st period - Stopped by Laurent Brossoit without a rebound.
10:25 of 1st period - Dominik Simon wins face-off versus Lawson Crouse in Wolfes zone.
10:30 of 1st period - Snap shot by Dominik Simon.
10:30 of 1st period - Shot Misses the Net.
12:10 of 1st period - Penalty to Blake Pietila is over, Blake Pietila is back on ice.
12:12 of 1st period - Ondrej Kase is hit by Blake Pietila and loses puck.
12:24 of 1st period - Off-side.
12:25 of 1st period - Victor Olofsson wins face-off versus Ryan Fitzgerald in neutral zone.
12:44 of 1st period - Jeffrey Foss is hit by Justin Florek and loses puck.
13:13 of 1st period - Jeffrey Foss is hit by Justin Florek and loses puck.
13:22 of 1st period - Snap shot by Justin Florek.
13:22 of 1st period - Shot Misses the Net.
13:24 of 1st period - Slapshot by Nikita Zadorov.
13:24 of 1st period - Stopped by Laurent Brossoit with a rebound.
13:46 of 1st period - Snap shot by Bobby Farnham.
13:46 of 1st period - Shot Misses the Net.
13:48 of 1st period - Wrist shot by Justin Florek.
13:48 of 1st period - Shot Hit the Post.
13:50 of 1st period - Slapshot by Nikita Zadorov.
13:50 of 1st period - Shot Misses the Net.
13:52 of 1st period - Wrist shot by Bobby Farnham.
13:52 of 1st period - Stopped by Laurent Brossoit without a rebound.
13:53 of 1st period - Martin Hanzal wins face-off versus Dominik Simon in Wolfes zone.
13:55 of 1st period - Minor Penalty to Alexandre Grenier for Slashing.
13:56 of 1st period - Dominik Simon wins face-off versus Lawson Crouse in Wolfes zone.
13:56 of 1st period - Wrist shot by Emerson Etem.
13:56 of 1st period - Stopped by Laurent Brossoit with a rebound.
13:58 of 1st period - Snap shot by Emerson Etem.
13:58 of 1st period - Stopped by Laurent Brossoit with a rebound.
14:00 of 1st period - Slapshot by Andrew Gordon.
14:00 of 1st period - Shot Misses the Net.
14:02 of 1st period - Slapshot by Timothy Kunes.
14:02 of 1st period - Goal by Timothy Kunes - Wolfes : 0 - River Frogs : 2.
14:03 of 1st period - Emerson Etem wins face-off versus Martin Hanzal in neutral zone.
14:20 of 1st period - Wrist shot by Blake Pietila.
14:20 of 1st period - Shot Misses the Net.
14:48 of 1st period - Minor Penalty to Jamie Oleksiak for Interference.
14:49 of 1st period - Jared Knight wins face-off versus Lawson Crouse in Wolfes zone.
15:03 of 1st period - Snap shot by Jared Knight.
15:03 of 1st period - Goal by Jared Knight - Wolfes : 0 - River Frogs : 3.
15:04 of 1st period - Jared Knight wins face-off versus Sebastian Aho in neutral zone.
15:13 of 1st period - Slapshot by Jared Knight.
15:13 of 1st period - Shot Misses the Net.
15:15 of 1st period - Slapshot by Matt Calvert.
15:15 of 1st period - Shot Misses the Net.
15:17 of 1st period - Snap shot by Ondrej Kase.
15:17 of 1st period - Stopped by Laurent Brossoit without a rebound.
15:18 of 1st period - Martin Hanzal wins face-off versus Dominik Simon in Wolfes zone.
15:44 of 1st period - Emerson Etem is hit by Max Friberg and loses puck.
15:53 of 1st period - Nikita Zadorov is hit by Joe Morrow and loses puck.
16:17 of 1st period - Slapshot by Kyle Rau.
16:17 of 1st period - Stopped by Thomas Greiss without a rebound.
16:18 of 1st period - Jared Knight wins face-off versus Sebastian Aho in River Frogs zone.
16:20 of 1st period - Minor Penalty to Shea Theodore for Roughing.
16:21 of 1st period - Sebastian Aho wins face-off versus Emerson Etem in River Frogs zone.
16:35 of 1st period - Snap shot by Sebastian Aho.
16:35 of 1st period - Shot Misses the Net.
16:37 of 1st period - Slapshot by Jamie Oleksiak.
16:37 of 1st period - Goal by Jamie Oleksiak - Wolfes : 1 - River Frogs : 3.
16:38 of 1st period - Jared Knight wins face-off versus Sebastian Aho in neutral zone.
18:52 of 1st period - Snap shot by Kyle Rau.
18:52 of 1st period - Stopped by Thomas Greiss with a rebound.
18:54 of 1st period - Slapshot by Michael Stone.
18:54 of 1st period - Shot Misses the Net.
18:56 of 1st period - Snap shot by Kyle Rau.
18:56 of 1st period - Stopped by Thomas Greiss with a rebound.
18:58 of 1st period - Snap shot by Max Friberg.
18:58 of 1st period - Stopped by Thomas Greiss without a rebound.
18:59 of 1st period - Jared Knight wins face-off versus Sebastian Aho in River Frogs zone.
19:04 of 1st period - Wrist shot by Ondrej Kase.
19:04 of 1st period - Deflect By Matt Calvert.
19:04 of 1st period - Shot Misses the Net.
19:04 of 1st period - Puck is out of play.
19:05 of 1st period - Jared Knight wins face-off versus Sebastian Aho in Wolfes zone.
19:32 of 1st period - Andrew Gordon is hit by Blake Pietila and loses puck.
Goals for this period are 1 for Wolfes vs 3 for River Frogs.
Shots for this period are 12 for Wolfes vs 15 for River Frogs.
2nd period
0:01 of 2nd period - Martin Hanzal wins face-off versus Matt Calvert in neutral zone.
0:26 of 2nd period - Andrew Gordon is hit by Lawson Crouse and loses puck.
0:33 of 2nd period - Michael Stone is hit by Dominik Simon and loses puck.
0:51 of 2nd period - Off-side.
0:52 of 2nd period - Kyle Rau wins face-off versus Ryan Fitzgerald in neutral zone.
1:01 of 2nd period - Slapshot by Kyle Rau.
1:01 of 2nd period - Shot Misses the Net.
1:03 of 2nd period - Slapshot by Joe Morrow.
1:03 of 2nd period - Deflect By Kyle Rau.
1:03 of 2nd period - Shot Misses the Net.
1:03 of 2nd period - Puck is out of play.
1:04 of 2nd period - Martin Hanzal wins face-off versus Jared Knight in River Frogs zone.
1:10 of 2nd period - Minor Penalty to Jared Knight for Interference.
1:11 of 2nd period - Andrew Gordon wins face-off versus Max Friberg in River Frogs zone.
1:23 of 2nd period - Snap shot by Jamie Oleksiak.
1:23 of 2nd period - Shot Blocked by Timothy Kunes.
1:25 of 2nd period - Wrist shot by Max Friberg.
1:25 of 2nd period - Shot Misses the Net.
1:27 of 2nd period - Slapshot by Damon Severson.
1:27 of 2nd period - Deflect By Emerson Etem.
1:27 of 2nd period - Goal by Damon Severson - Wolfes : 2 - River Frogs : 3.
1:28 of 2nd period - Martin Hanzal wins face-off versus Jared Knight in neutral zone.
1:31 of 2nd period - Wrist shot by Martin Hanzal.
1:31 of 2nd period - Shot Misses the Net.
1:39 of 2nd period - Wrist shot by Martin Hanzal.
1:39 of 2nd period - Stopped by Thomas Greiss with a rebound.
1:41 of 2nd period - Slapshot by Blake Pietila.
1:41 of 2nd period - Shot Misses the Net.
2:03 of 2nd period - Slapshot by Nikita Zadorov.
2:03 of 2nd period - Shot Misses the Net.
2:05 of 2nd period - Minor Penalty to Anton Karlsson for Tripping.
2:06 of 2nd period - Lawson Crouse wins face-off versus Dominik Simon in Wolfes zone.
2:58 of 2nd period - Morgan Rielly is hit by Joe Morrow and loses puck.
4:05 of 2nd period - Penalty to Anton Karlsson is over, Anton Karlsson is back on ice.
4:48 of 2nd period - Snap shot by Max Friberg.
4:48 of 2nd period - Shot Misses the Net.
4:50 of 2nd period - Wrist shot by Anton Karlsson.
4:50 of 2nd period - Stopped by Thomas Greiss with a rebound.
5:02 of 2nd period - Snap shot by Joe Morrow.
5:02 of 2nd period - Shot Blocked by Ryan Fitzgerald.
5:04 of 2nd period - Wrist shot by Anton Karlsson.
5:04 of 2nd period - Deflect By Bobby Farnham.
5:04 of 2nd period - Stopped by Thomas Greiss with a rebound.
5:06 of 2nd period - Snap shot by Kyle Rau.
5:06 of 2nd period - Stopped by Thomas Greiss without a rebound.
5:07 of 2nd period - Martin Hanzal wins face-off versus Maxim Mamin in River Frogs zone.
5:14 of 2nd period - Snap shot by Martin Hanzal.
5:14 of 2nd period - Stopped by Thomas Greiss with a rebound.
5:16 of 2nd period - Slapshot by Jamie Oleksiak.
5:16 of 2nd period - Shot Misses the Net.
5:18 of 2nd period - Wrist shot by Blake Pietila.
5:18 of 2nd period - Shot Misses the Net.
5:22 of 2nd period - Snap shot by Martin Hanzal.
5:22 of 2nd period - Shot Blocked by Shea Theodore.
5:32 of 2nd period - Shea Theodore is hit by Jamie Oleksiak and loses puck.
6:16 of 2nd period - Backhand shot by Shea Theodore.
6:16 of 2nd period - Deflect By Martin Hanzal.
6:16 of 2nd period - Stopped by Laurent Brossoit without a rebound.
6:17 of 2nd period - Jared Knight wins face-off versus Martin Hanzal in Wolfes zone.
6:33 of 2nd period - Ondrej Kase is hit by Damon Severson and loses puck.
6:50 of 2nd period - Wrist shot by Alexandre Grenier.
6:50 of 2nd period - Goal by Alexandre Grenier - Wolfes : 3 - River Frogs : 3.
6:51 of 2nd period - Dominik Simon wins face-off versus Sebastian Aho in neutral zone.
7:03 of 2nd period - Off-side.
7:04 of 2nd period - Lawson Crouse wins face-off versus Dominik Simon in neutral zone.
7:24 of 2nd period - Timothy Kunes is hit by Benn Ferriero and loses puck.
8:42 of 2nd period - Minor Penalty to Jeffrey Foss for Hooking.
8:43 of 2nd period - Lawson Crouse wins face-off versus Dominik Simon in Wolfes zone.
8:43 of 2nd period - Lawson Crouse is hit by Andrew Gordon.
9:18 of 2nd period - Snap shot by Ondrej Kase.
9:18 of 2nd period - Stopped by Laurent Brossoit without a rebound.
9:19 of 2nd period - Jared Knight wins face-off versus Blake Pietila in Wolfes zone.
9:20 of 2nd period - Wrist shot by Ondrej Kase.
9:20 of 2nd period - Shot Blocked by Kyle Rau.
9:22 of 2nd period - Snap shot by Matt Calvert.
9:22 of 2nd period - Shot Misses the Net.
9:24 of 2nd period - Slapshot by Nikita Zadorov.
9:24 of 2nd period - Shot Blocked by Blake Pietila.
9:26 of 2nd period - Slapshot by Timothy Kunes.
9:26 of 2nd period - Stopped by Laurent Brossoit without a rebound.
9:27 of 2nd period - Dominik Simon wins face-off versus Lawson Crouse in Wolfes zone.
10:42 of 2nd period - Penalty to Jeffrey Foss is over, Jeffrey Foss is back on ice.
12:14 of 2nd period - Ryan Fitzgerald is hit by Eric Robinson and loses puck.
12:35 of 2nd period - Wrist shot by Kyle Rau.
12:35 of 2nd period - Shot Misses the Net.
12:52 of 2nd period - Slapshot by Blake Pietila.
12:52 of 2nd period - Stopped by Thomas Greiss with a rebound.
13:06 of 2nd period - Lawson Crouse is hit by Maxim Mamin and loses puck.
13:40 of 2nd period - Snap shot by Jared Knight.
13:40 of 2nd period - Stopped by Laurent Brossoit without a rebound.
13:41 of 2nd period - Ryan Fitzgerald wins face-off versus Martin Hanzal in Wolfes zone.
13:44 of 2nd period - Wrist shot by Justin Florek.
13:44 of 2nd period - Stopped by Laurent Brossoit with a rebound.
13:50 of 2nd period - Bobby Farnham is hit by Martin Hanzal and loses puck.
14:18 of 2nd period - Snap shot by Matt Calvert.
14:18 of 2nd period - Goal by Matt Calvert - Wolfes : 3 - River Frogs : 4.
14:19 of 2nd period - Sebastian Aho wins face-off versus Dominik Simon in neutral zone.
14:24 of 2nd period - Snap shot by Sebastian Aho.
14:24 of 2nd period - Shot Misses the Net.
14:44 of 2nd period - Nikita Zadorov is hit by Martin Hanzal and loses puck.
15:09 of 2nd period - Joe Morrow is hit by Bobby Farnham and loses puck.
15:24 of 2nd period - Damon Severson is hit by Mitch Marner and loses puck.
15:50 of 2nd period - Minor Penalty to Sebastian Aho for Holding Stick.
15:51 of 2nd period - Dominik Simon wins face-off versus Lawson Crouse in Wolfes zone.
16:27 of 2nd period - Slapshot by Shea Theodore.
16:27 of 2nd period - Stopped by Laurent Brossoit without a rebound.
16:28 of 2nd period - Andrew Gordon wins face-off versus Blake Pietila in Wolfes zone.
16:37 of 2nd period - Slapshot by Andrew Gordon.
16:37 of 2nd period - Shot Misses the Net.
16:43 of 2nd period - Slapshot by Dominik Simon.
16:43 of 2nd period - Goal by Dominik Simon - Wolfes : 3 - River Frogs : 5.
16:43 of 2nd period - Ebbe Siönäs enters game.
16:44 of 2nd period - Sebastian Aho wins face-off versus Andrew Gordon in neutral zone.
17:05 of 2nd period - Minor Penalty to Lawson Crouse for Roughing.
17:06 of 2nd period - Dominik Simon wins face-off versus Sebastian Aho in Wolfes zone.
17:07 of 2nd period - Wrist shot by Emerson Etem.
17:07 of 2nd period - Stopped by Ebbe Siönäs with a rebound.
17:09 of 2nd period - Snap shot by Dominik Simon.
17:09 of 2nd period - Goal by Dominik Simon - Wolfes : 3 - River Frogs : 6.
17:10 of 2nd period - Sebastian Aho wins face-off versus Dominik Simon in neutral zone.
17:12 of 2nd period - Jamie Oleksiak is hit by Shea Theodore.
17:19 of 2nd period - Off-side.
17:20 of 2nd period - Sebastian Aho wins face-off versus Dominik Simon in neutral zone.
17:31 of 2nd period - Slapshot by Michael Stone.
17:31 of 2nd period - Stopped by Thomas Greiss with a rebound.
17:33 of 2nd period - Wrist shot by Lawson Crouse.
17:33 of 2nd period - Shot Blocked by Dominik Simon.
17:35 of 2nd period - Slapshot by Michael Stone.
17:35 of 2nd period - Stopped by Thomas Greiss with a rebound.
17:45 of 2nd period - Slapshot by Sebastian Aho.
17:45 of 2nd period - Shot Misses the Net.
17:47 of 2nd period - Snap shot by Benn Ferriero.
17:47 of 2nd period - Shot Misses the Net.
17:49 of 2nd period - Slapshot by Michael Stone.
17:49 of 2nd period - Deflect By Benn Ferriero.
17:49 of 2nd period - Shot Blocked by Shea Theodore.
17:49 of 2nd period - Puck is out of play.
17:50 of 2nd period - Martin Hanzal wins face-off versus Ondrej Kase in River Frogs zone.
18:15 of 2nd period - Blake Pietila is hit by Austin Watson and loses puck.
18:48 of 2nd period - Snap shot by Benn Ferriero.
18:48 of 2nd period - Stopped by Thomas Greiss with a rebound.
18:50 of 2nd period - Wrist shot by Lawson Crouse.
18:50 of 2nd period - Stopped by Thomas Greiss with a rebound.
19:00 of 2nd period - Wrist shot by Jamie Oleksiak.
19:00 of 2nd period - Shot Misses the Net.
19:02 of 2nd period - Wrist shot by Victor Olofsson.
19:02 of 2nd period - Deflect By Eric Robinson.
19:02 of 2nd period - Shot Misses the Net.
19:02 of 2nd period - Puck is out of play.
19:03 of 2nd period - Matthew Highmore wins face-off versus Jared Knight in River Frogs zone.
19:04 of 2nd period - Slapshot by Michael Stone.
19:04 of 2nd period - Stopped by Thomas Greiss without a rebound.
19:05 of 2nd period - Matthew Highmore wins face-off versus Jared Knight in River Frogs zone.
19:32 of 2nd period - Emerson Etem is hit by Alexandre Grenier and loses puck.
19:37 of 2nd period - Wrist shot by Blake Pietila.
19:37 of 2nd period - Shot Misses the Net.
19:39 of 2nd period - Snap shot by Martin Hanzal.
19:39 of 2nd period - Shot Blocked by Nikita Zadorov.
19:41 of 2nd period - Wrist shot by Martin Hanzal.
19:41 of 2nd period - Stopped by Thomas Greiss with a rebound.
19:43 of 2nd period - Snap shot by Damon Severson.
19:43 of 2nd period - Shot Misses the Net.
19:45 of 2nd period - Slapshot by Damon Severson.
19:45 of 2nd period - Deflect By Timothy Kunes.
19:45 of 2nd period - Stopped by Thomas Greiss with a rebound.
19:55 of 2nd period - Benn Ferriero is hit by Justin Florek and loses puck.
Goals for this period are 2 for Wolfes vs 3 for River Frogs.
Shots for this period are 15 for Wolfes vs 10 for River Frogs.
3rd period
0:01 of 3rd period - Alexandre Grenier wins face-off versus Dominik Simon in neutral zone.
0:47 of 3rd period - Snap shot by Bobby Farnham.
0:47 of 3rd period - Shot Blocked by Damon Severson.
1:27 of 3rd period - Victor Olofsson is hit by Nikita Zadorov and loses puck.
2:12 of 3rd period - Wrist shot by Justin Florek.
2:12 of 3rd period - Stopped by Ebbe Siönäs with a rebound.
2:14 of 3rd period - Wrist shot by Ryan Fitzgerald.
2:14 of 3rd period - Stopped by Ebbe Siönäs with a rebound.
2:16 of 3rd period - Backhand shot by Bobby Farnham.
2:16 of 3rd period - Shot Misses the Net.
2:34 of 3rd period - Snap shot by Maxim Mamin.
2:34 of 3rd period - Goal by Maxim Mamin - Wolfes : 3 - River Frogs : 7.
2:35 of 3rd period - Martin Hanzal wins face-off versus Dominik Simon in neutral zone.
3:10 of 3rd period - Wrist shot by Lawson Crouse.
3:10 of 3rd period - Shot Misses the Net.
3:12 of 3rd period - Slapshot by Michael Stone.
3:12 of 3rd period - Stopped by Thomas Greiss without a rebound.
3:13 of 3rd period - Ryan Fitzgerald wins face-off versus Blake Pietila in River Frogs zone.
3:22 of 3rd period - Wrist shot by Bobby Farnham.
3:22 of 3rd period - Deflect By Ryan Fitzgerald.
3:22 of 3rd period - Shot Misses the Net.
3:22 of 3rd period - Puck is out of play.
3:23 of 3rd period - Alexandre Grenier wins face-off versus Ryan Fitzgerald in Wolfes zone.
3:23 of 3rd period - Alexandre Grenier is hit by Justin Florek.
3:35 of 3rd period - Snap shot by Martin Hanzal.
3:35 of 3rd period - Stopped by Thomas Greiss without a rebound.
3:36 of 3rd period - Dominik Simon wins face-off versus Sebastian Aho in River Frogs zone.
3:47 of 3rd period - Slapshot by Aaron Ness.
3:47 of 3rd period - Stopped by Ebbe Siönäs with a rebound.
5:25 of 3rd period - David Kolomatis is hit by Damon Severson and loses puck.
5:46 of 3rd period - Mitch Marner is hit by Max Friberg.
6:02 of 3rd period - Snap shot by Mitch Marner.
6:02 of 3rd period - Shot Misses the Net.
6:04 of 3rd period - Wrist shot by Shea Theodore.
6:04 of 3rd period - Stopped by Ebbe Siönäs without a rebound.
6:05 of 3rd period - Dominik Simon wins face-off versus Martin Hanzal in Wolfes zone.
6:32 of 3rd period - Nikita Zadorov is hit by Benn Ferriero and loses puck.
7:29 of 3rd period - Alexandre Grenier is hit by Morgan Rielly and loses puck.
8:16 of 3rd period - Shea Theodore is hit by Kyle Rau and loses puck.
8:53 of 3rd period - Wrist shot by Joe Morrow.
8:53 of 3rd period - Shot Misses the Net.
8:55 of 3rd period - Snap shot by Eric Robinson.
8:55 of 3rd period - Deflect By Matthew Highmore.
8:55 of 3rd period - Stopped by Thomas Greiss with a rebound.
8:57 of 3rd period - Slapshot by Damon Severson.
8:57 of 3rd period - Stopped by Thomas Greiss without a rebound.
8:58 of 3rd period - Matthew Highmore wins face-off versus Maxim Mamin in River Frogs zone.
9:23 of 3rd period - Snap shot by Martin Hanzal.
9:23 of 3rd period - Shot Hit the Post.
9:25 of 3rd period - Wrist shot by Alexandre Grenier.
9:25 of 3rd period - Shot Misses the Net.
9:27 of 3rd period - Snap shot by Alexandre Grenier.
9:27 of 3rd period - Stopped by Thomas Greiss with a rebound.
9:29 of 3rd period - Snap shot by Martin Hanzal.
9:29 of 3rd period - Shot Misses the Net.
9:31 of 3rd period - Snap shot by Damon Severson.
9:31 of 3rd period - Stopped by Thomas Greiss with a rebound.
9:33 of 3rd period - Snap shot by Martin Hanzal.
9:33 of 3rd period - Shot Blocked by Dominik Simon.
9:57 of 3rd period - Matt Calvert is hit by Joe Morrow and loses puck.
9:58 of 3rd period - Matt Calvert from River Frogs is injured at 9:58 of 3rd period (Sprained Left Knee).
9:59 of 3rd period - Martin Hanzal wins face-off versus Dominik Simon in River Frogs zone.
10:34 of 3rd period - Snap shot by Benn Ferriero.
10:34 of 3rd period - Stopped by Thomas Greiss with a rebound.
10:36 of 3rd period - Slapshot by Jeffrey Foss.
10:36 of 3rd period - Shot Blocked by Timothy Kunes.
10:38 of 3rd period - Snap shot by Sebastian Aho.
10:38 of 3rd period - Stopped by Thomas Greiss with a rebound.
10:40 of 3rd period - Slapshot by Joe Morrow.
10:40 of 3rd period - Stopped by Thomas Greiss without a rebound.
10:41 of 3rd period - Kyle Rau wins face-off versus Ryan Fitzgerald in River Frogs zone.
11:38 of 3rd period - Wrist shot by Max Friberg.
11:38 of 3rd period - Shot Blocked by Andrew Gordon.
11:40 of 3rd period - Slapshot by Damon Severson.
11:40 of 3rd period - Stopped by Thomas Greiss without a rebound.
11:41 of 3rd period - Martin Hanzal wins face-off versus Jared Knight in River Frogs zone.
11:47 of 3rd period - Minor Penalty to Jared Knight for Holding.
11:48 of 3rd period - Martin Hanzal wins face-off versus Andrew Gordon in River Frogs zone.
13:16 of 3rd period - Victor Olofsson is hit by Nikita Zadorov and loses puck.
13:47 of 3rd period - Penalty to Jared Knight is over, Jared Knight is back on ice.
14:15 of 3rd period - Wrist shot by Austin Watson.
14:15 of 3rd period - Stopped by Ebbe Siönäs without a rebound.
14:16 of 3rd period - Jared Knight wins face-off versus Kyle Rau in Wolfes zone.
14:37 of 3rd period - Minor Penalty to Martin Hanzal for Interference.
14:38 of 3rd period - Lawson Crouse wins face-off versus Dominik Simon in Wolfes zone.
15:45 of 3rd period - Joe Morrow is hit by Joakim Nordstrom and loses puck.
16:24 of 3rd period - Sebastian Aho is hit by Timothy Kunes and loses puck.
16:37 of 3rd period - Penalty to Martin Hanzal is over, Martin Hanzal is back on ice.
16:41 of 3rd period - Snap shot by Aaron Ness.
16:41 of 3rd period - Deflect By Justin Florek.
16:41 of 3rd period - Shot Blocked by Michael Stone.
16:41 of 3rd period - Puck is out of play.
16:42 of 3rd period - Ryan Fitzgerald wins face-off versus Kyle Rau in Wolfes zone.
16:45 of 3rd period - Wrist shot by Justin Florek.
16:45 of 3rd period - Goal by Justin Florek - Wolfes : 3 - River Frogs : 8.
16:46 of 3rd period - Dominik Simon wins face-off versus Sebastian Aho in neutral zone.
16:49 of 3rd period - Backhand shot by Emerson Etem.
16:49 of 3rd period - Shot Misses the Net.
17:11 of 3rd period - Blake Pietila is hit by Shea Theodore and loses puck.
17:40 of 3rd period - Slapshot by Bobby Farnham.
17:40 of 3rd period - Shot Blocked by Kyle Rau.
17:44 of 3rd period - Snap shot by Justin Florek.
17:44 of 3rd period - Shot Blocked by Jeffrey Foss.
18:02 of 3rd period - Snap shot by Sebastian Aho.
18:02 of 3rd period - Stopped by Thomas Greiss with a rebound.
19:15 of 3rd period - Morgan Rielly is hit by Anton Karlsson and loses puck.
19:28 of 3rd period - Snap shot by Morgan Rielly.
19:28 of 3rd period - Shot Misses the Net.
19:30 of 3rd period - Wrist shot by Mitch Marner.
19:30 of 3rd period - Stopped by Ebbe Siönäs with a rebound.
19:32 of 3rd period - Slapshot by Mitch Marner.
19:32 of 3rd period - Shot Blocked by Anton Lindholm.
19:34 of 3rd period - Wrist shot by Mitch Marner.
19:34 of 3rd period - Shot Misses the Net.
19:36 of 3rd period - Wrist shot by Austin Watson.
19:36 of 3rd period - Deflect By Maxim Mamin.
19:36 of 3rd period - Stopped by Ebbe Siönäs without a rebound.
19:37 of 3rd period - Martin Hanzal wins face-off versus Dominik Simon in Wolfes zone.
Goals for this period are 0 for Wolfes vs 2 for River Frogs.
Shots for this period are 11 for Wolfes vs 9 for River Frogs.